 Dungeon Crawl Stone Soup version 0.31-a0-609-g7bf6ffcfed (webtiles) character file.

Game seed: 15792284208617772068

633 Dittersdorf the Covered (level 7, -1/44 HPs)
             Began as a Gargoyle Fighter on Aug 21, 2023.
             Killed from afar by an orc wizard (6 damage)
             ... with a magic dart
             ... on level 5 of the Dungeon.
             The game lasted 00:07:39 (3355 turns).

Dittersdorf the Covered (Gargoyle Fighter)          Turns: 3355, Time: 00:07:40

Health: -1/44      AC: 14    Str: 22    XL:     7   Next: 49%
Magic:  7/7        EV:  9    Int:  8    God:
Gold:   142        SH:  5    Dex: 12    Spells: 6/6 levels left

rFire   . . .        a - +0 flail
rCold   + . .        c - +0 buckler
rNeg    + . .        b - +0 scale mail
rPois   ∞            (no helmet)
rElec   +            g - +0 cloak
rCorr   .            (no gloves)
SInv    .            p - +0 pair of boots
Will    .....        (no amulet) Stlth
                     l - ring of Paranoia {rElec rC+ Dex+3}
HPRegen 0.27/turn    n - ring of flight
MPRegen 0.10/turn

%: no passive effects
@: flying
A: sickness immunity, AC +4, negative energy resistance 1, electricity
resistance, torment resistance 1, petrification resistance
a: no special abilities


You were on level 5 of the Dungeon.
You visited 1 branch of the dungeon, and saw 5 of its levels.
You also visited: Sewer.

You collected 142 gold pieces.

Inventory:

Hand Weapons
 a - a +0 flail (weapon)
Armour
 b - a +0 scale mail (worn)
 c - a +0 buckler (worn)
 g - a +0 cloak (worn)
 p - a +0 pair of boots (worn)
Jewellery
 f - a ring of fire
 l - the ring of Paranoia (left hand) {rElec rC+ Dex+3}
   (You found it on level 4 of the Dungeon)

   [ring of protection from cold]

   Dex+3:     It affects your dexterity (+3).
   rC+:       It protects you from cold.
   rElec:     It insulates you from electricity.
 n - a ring of flight (right hand)
Scrolls
 j - 3 scrolls of teleportation
 k - a scroll of identify
 o - 2 scrolls of silence {unknown}
 q - a scroll of revelation
Potions
 d - 2 potions of might
 e - a potion of heal wounds
 h - a potion of resistance
 i - 3 potions of curing {unknown}
 m - a potion of brilliance {unknown}


   Skills:
 + Level 5.4 Fighting
 + Level 4.3 Maces & Flails
 + Level 5.4 Armour
 + Level 5.4 Shields


You had 6 spell levels left.
You didn't know any spells.
Your spell library was empty.

Dungeon Overview and Level Annotations

Branches:
Dungeon (5/15)              Sewer (visited)
 Temple: D:4-7

Altars:

Shops:
D:1 (??   D:2 (   D:4 =[*[*:?


Innate Abilities, Weirdness & Mutations

You are immune to sickness and miasma.
Your stone body is resilient. (AC +4)
You are immune to poison.
You resist negative energy. (rN+)
You are resistant to electric shocks. (rElec)
You are resistant to unholy torment.
You are immune to petrification.


Message History

You barely miss the orc priest.
The orc wizard hits you but does no damage.
The orc priest hits you with a +0 hand axe.
* * * LOW HITPOINT WARNING * * *
You miss the orc wizard.
You feel less confused.
The orc priest hits you but does no damage.
The orc wizard hits you but does no damage.
You hit the orc priest.
The orc priest is moderately wounded.
The orc wizard hits you but does no damage.
The orc priest hits you but does no damage. x2
The orc wizard closely misses you.
You closely miss the orc priest.
The orc priest is moderately wounded.
You block the orc wizard's attack.
The orc priest casts a cantrip, but nothing happens.
You barely miss the orc priest.
The orc priest is moderately wounded.
The orc wizard gestures at you while chanting.
The magic dart hits you but does no damage.
The orc priest looks braver for a moment.
You hit the orc priest.
The orc priest is heavily wounded.
The orc wizard gestures wildly while chanting.
The orc wizard flickers and vanishes!
Deactivating autopickup; reactivate with Ctrl-A.
The orc priest misses you.
You closely miss the orc priest.
The orc priest is heavily wounded.
You block something's attack.
The orc priest mumbles some strange prayers to Beogh against you.
Beogh smites you!
* * * LOW HITPOINT WARNING * * *
You closely miss the orc priest.
The orc priest is heavily wounded.
You hear some strange, mumbled words.
A magic dart appears from out of thin air!
The magic dart hits you.
You die...

*,,,,,,,* ##.#**#
*,**,* *,*****,*
#.....# *,,,,*
*** *,*
#..##.#####******
*,*
#..........,,,,,,
*,*
#...#,*##********
*,* #...#,* *,*
#...#,*
*,###...#,*
*,#o@...#,*
*,#{#####,*
*,#.*****,*
*,..,,,,,,*
*.#<******* ####*


You could see an orc priest.

Vanquished Creatures
  A water moccasin (D:3)
  A centaur (D:4)
  A phantom (D:5)
  2 scorpions
  2 iguanas (D:4)
  An orc wizard (D:4)
  6 adders
  2 river rats (Sewer)
  An ufetubus (D:4)
  3 worms
  11 orcs
  11 ball pythons
  7 endoplasms
  6 giant cockroaches
  6 goblins
  6 hobgoblins
  2 jackals (D:1)
  4 quokkas
  5 bats
  9 frilled lizards
  6 kobolds
  7 rats
100 creatures vanquished.

Notes
Turn   | Place    | Note
-------+----------+-------------------------------------------
     0 | D:1      | Dittersdorf the Gargoyle Fighter began the quest for the
                  | Orb.
     0 | D:1      | Reached XP level 1. HP: 14/14 MP: 1/1
    72 | D:1      | Found Ycloyt's Magic Scroll Emporium.
   133 | D:1      | Found Zagorgh's Magic Scroll Boutique.
   176 | D:1      | Found Tapn's Weapon Boutique.
   229 | D:1      | Reached XP level 2. HP: 19/19 MP: 2/2
   773 | D:2      | Found Doib Mulac's Antique Weapon Shoppe.
   857 | D:2      | Reached XP level 3. HP: 23/23 MP: 3/3
  1418 | D:3      | Noticed a water moccasin
  1434 | D:3      | Killed a water moccasin
  1435 | D:3      | Reached XP level 4. HP: 24/29 MP: 4/4
  1435 | D:3      | Reached XP level 5. HP: 27/33 MP: 5/5
  1928 | D:3      | Reached XP level 6. HP: 31/39 MP: 6/6
  2055 | D:4      | Found Cintud Yhis's Armour Emporium.
  2081 | D:4      | Identified the +1 robe of the Fife {Will+ Str+7}
  2137 | D:4      | Reached skill level 5 in Fighting
  2137 | D:4      | Reached skill level 5 in Armour
  2137 | D:4      | Reached skill level 5 in Shields
  2303 | D:4      | Found Ziunlic's General Store.
  2331 | D:4      | Found Deacips's Jewellery Boutique.
  2406 | D:4      | Reached XP level 7. HP: 44/44 MP: 7/7
  2472 | D:4      | Found Oneunebe's Book Shoppe.
  2476 | D:4      | Identified the ring of Paranoia {rElec rC+ Dex+3}
  2482 | D:4      | Found Abinouw's General Store.
  2819 | D:4      | Found Ofavyota's Armour Shop.
  2876 | D:4      | Found Kesumo's Magic Scroll Emporium.
  2947 | D:5      | Entered Level 5 of the Dungeon
  3002 | D:5      | Found a glowing drain.
  3027 | Sewer    | Entered a sewer
  3355 | D:5      | Killed from afar by an orc wizard

Illustrated notes

Levels and vault maps discovered:
D:1:      dpeg_arrival_water_fire, layout_basic, serial_shops, shop, shop,
          nicolae_shop_rolled_up
D:2:      layout_basic, serial_shops, shop, supply_closet_lemuel
D:3:      layout_basic
D:4:      layout_loops_ring, serial_shops, nicolae_shop_hallway_stairs,
          nicolae_diamond_shop, shop, shop, nicolae_shop_rolled_up,
          nicolae_wooded_promenade, corexii_item_surrounded_by_moat,
          nicolae_twisty_statue_hallways
D:5:      layout_basic, nicolae_hepliaklqana_hippocampus,
          cheibrodos_sewer_entry_sluice, uniq_sigmund

Skill      XL: |  1  2  3  4  5  6  7 |
---------------+----------------------+-----
Fighting       | 4 5 |  5.4
Maces & Flails | 3 4 |  4.3
Armour         | 4 5 |  5.4
Shields        | 4 5 |  5.4

Action                     |  1- 3 |  4- 6 |  7- 9 || total
---------------------------+-------+-------+-------++-------
  Melee: Flail             |    98 |    79 |   113 ||   290
    Use: Scroll            |       |     5 |     3 ||     8
 Armour: Scale mail        |    49 |    41 |    59 ||   149
  Dodge: Dodged            |    44 |    24 |    39 ||   107
  Block: Buckler           |    24 |    18 |    21 ||    63

Table legend: (Time is in decaauts)
 A = Elapsed time spent in this place.
 B = Non-inter-level travel time spent in this place.
 C = Inter-level travel time spent in this place.
 D = Time resting spent in this place.
 E = Time spent auto-exploring this place.
 F = Levels seen in this place.
 G = Mean time per level.
                   A        B        C        D        E       F      G
               +--------+--------+--------+--------+--------+-----+--------+
         Total |   3430 |   3263 |    167 |    189 |   2316 |   6 |  571.7 |
       Dungeon |   3132 |   2965 |    167 |    189 |   2135 |   5 |  626.4 |
         Sewer |    298 |    298 |      0 |      0 |    181 |   1 |  298.0 |
               +--------+--------+--------+--------+--------+-----+--------+

Top non-repeatable levels by time:
     D:4: 918 daAuts
     D:1: 783 daAuts
     D:3: 750 daAuts
     D:2: 551 daAuts
   Sewer: 298 daAuts
     D:5: 128 daAuts
